 Dungeon Crawl Stone Soup version 0.27-a0-920-gb2bd10914a (webtiles) character file.

Game seed: 17919244852156057927

9097 Lanoc the Blinker (level 11, -21/58 HPs)
             Began as a Spriggan Warper on Apr 9, 2021.
             Was an Elder of Makhleb.
             Demolished by a boulder beetle (26 damage)
             ... on level 11 of the Dungeon.
             The game lasted 00:28:09 (12136 turns).

Lanoc the Blinker (Spriggan Warper)                Turns: 12136, Time: 00:28:09

Health: -21/58     AC:  7    Str:  7    XL:     11   Next: 18%
Magic:  4/16       EV: 24    Int: 20    God:    Makhleb [****..]
Gold:   563        SH:  0    Dex: 16    Spells: 7/15 levels left

rFire    . . .     SeeInvis +   a - +8 quarterstaff "Eviscerator" {distort, +Rage rPois Int+3}
rCold    . . .     Faith    .   (shield currently unavailable)
rNeg     . . .     Spirit   .   h - +0 robe
rPois    +         Reflect  .   (helmet restricted)
rElec    .         Harm     .   E - +0 cloak
rCorr    .         Rampage  .   (gloves unavailable)
Will     +....                  (boots unavailable)
Stlth    +.........             g - amulet of regeneration
HPRegen  1.19/turn              o - +4 ring of slaying
MPRegen  0.15/turn              w - +4 ring of protection

@: very quick
A: very small, no large weapons, unfitting armour, see invisible, speed 3
a: Renounce Religion, Evoke Berserk Rage, Minor Destruction, Lesser Servant of
Makhleb, Major Destruction


You were on level 11 of the Dungeon.
You worshipped Makhleb.
Makhleb was greatly pleased with you.
You visited 2 branches of the dungeon, and saw 12 of its levels.
You also visited: Bailey.

You collected 661 gold pieces.
You spent 98 gold pieces at shops.

Inventory:

Hand Weapons
 a - the +8 quarterstaff "Eviscerator" (weapon) {distort, +Rage rPois Int+3}
   (You found it on level 11 of the Dungeon)

   It warps and distorts space around it.
   Unwielding it can cause banishment or high damage.
   It affects your intelligence (+3).
   It protects you from poison.
   It lets you go berserk.
Armour
 h - a +0 robe (worn)
 E - a +0 cloak (worn)
Jewellery
 g - an amulet of regeneration (around neck)
 o - a +4 ring of slaying (left hand)
 w - a +4 ring of protection (right hand)
Scrolls
 d - a scroll of blinking
 f - 2 scrolls of vulnerability
 j - a scroll of enchant armour
 n - 7 scrolls of teleportation
 s - 3 scrolls of amnesia
 t - a scroll of summoning {unknown}
 v - a scroll of magic mapping {unknown}
 y - a scroll of fear {unknown}
 B - a scroll of enchant weapon
 D - a scroll of brand weapon {unknown}
Potions
 c - 2 potions of might
 e - 2 potions of resistance
 i - 3 potions of curing
 k - 2 potions of brilliance
 l - 2 potions of heal wounds
 m - a potion of cancellation
 p - 2 potions of haste
 q - 3 potions of attraction
 u - 2 potions of mutation
 x - a potion of lignification
 z - a potion of berserk rage
 A - 3 potions of invisibility
 C - a potion of experience {unknown}
 F - a potion of flight {unknown}


   Skills:
 + Level 7.5 Fighting
 - Level 2.1 Short Blades
 - Level 1.0 Throwing
 + Level 11.7 Dodging
 - Level 2.6 Spellcasting
 * Level 16.8 Translocations


You had 7 spell levels left.
You knew the following spells:

 Your Spells              Type           Power      Damage    Failure   Level
a - Apportation           Tloc           100%       N/A       0%          1
g - Manifold Assault      Tloc           63%        N/A       1%          5
h - Blink                 Tloc           N/A        N/A       1%          2

Your spell library contained the following spells:

 Spells                   Type           Power      Damage    Failure   Level
 Gell's Gravitas          Tloc           31%        N/A       1%          3
 Lesser Beckoning         Tloc           31%        N/A       1%          3
 Teleport Other           Tloc           63%        N/A       1%          3
 Iskenderun's Mystic Bla  Conj/Tloc      36%        2d9       4%          4
 Animate Skeleton         Necr           4%         N/A       14%         1
 Corona                   Hex            2%         N/A       14%         1
 Magic Dart               Conj           8%         1d3       14%         1
 Summon Small Mammal      Summ           8%         N/A       14%         1
 Searing Ray              Conj           4%         3d3       22%         2
 Confusing Touch          Hex            2%         N/A       41%         3
 Dazzling Flash           Conj/Hex       4%         N/A       41%         3
 Fulminant Prism          Conj/Hex       1%         3d6       82%         4
 Petrify                  Tmut/Erth      2%         N/A       82%         4
 Metabolic Englaciation   Hex/Ice        1%         N/A       99%         5
 Yara's Violent Unravell  Hex/Tmut       1%         3d3       99%         5


Dungeon Overview and Level Annotations

Branches:
Dungeon (11/15)            Temple (1/1) D:7            Lair (0/6) D:8
 Bailey (visited)
    Orc: D:9-12

Altars:
Ashenzari
Cheibriados
Elyvilon
Hepliaklqana
Makhleb
Nemelex Xobeh
Okawaru
Qazlal
Sif Muna
Uskayaw
Vehumet
Wu Jian
Xom
The Shining One

Shops:
D:1 :   D:3 :*

Annotations:
D:2 Sigmund


Innate Abilities, Weirdness & Mutations

You are very small and have problems with some larger weapons.
You are too small for most types of armour.
You have supernaturally acute eyesight. (SInv)
You cover ground extremely quickly. (Speed+++)


Message History

Casting: Manifold Assault (dangerous; 1% risk of failure)
Confirm with . or Enter, or press ? or * to list all spells.
Space momentarily warps into an impossible shape!
You hit the boulder beetle but do no damage.
Casting: Manifold Assault (dangerous; 1% risk of failure)
Confirm with . or Enter, or press ? or * to list all spells.
Space momentarily warps into an impossible shape!
You hit the boulder beetle but do no damage.
Space warps horribly around the boulder beetle!!
The boulder beetle hits you.
The boulder beetle stops rolling and uncurls.
The boulder beetle leaps!
The boulder beetle waves its antennae.
The boulder beetle curls into a ball and begins rolling!
Throw: dart (curare)
Press: ? - help, Q - select action, (/) - cycle Shift-Dir - straight line, f - boulder beetle
Aim: a boulder beetle (moderately wounded, rolling, 91% to hit)
You throw a curare-tipped dart.
The curare-tipped dart barely misses the boulder beetle.
The boulder beetle completely misses you.
The boulder beetle stops rolling and uncurls.
You see here 27 stones.
You see here a curare-tipped dart.
r - a curare-tipped dart Throw: dart (curare)
Press: ? - help, Q - select action, (/) - cycle Shift-Dir - straight line, f/p - boulder beetle
Aim: a boulder beetle (moderately wounded, 91% to hit)
You throw a curare-tipped dart.
The curare-tipped dart completely misses the boulder beetle.
You see here 27 stones.
The boulder beetle curls into a ball and begins rolling!
You hit the boulder beetle.
Space warps horribly around the boulder beetle!!
The boulder beetle is heavily wounded.
The boulder beetle hits you!!!
Ouch! That really hurt!
* * * LOW HITPOINT WARNING * * *
The boulder beetle stops rolling and uncurls.
The boulder beetle bites you!!
You die...

.####........................####
.# #........................# #
.# #........###......##.....# #
.# #........###......##.....####
.####........(........##.........
.....<....)......................
.................................
...#######'####B......###########
...#..........#.@.....#.......#..
...#..........#.......#.......#..
...#..........#..(..>.#.......#..
...#..........+.......+.......#..
#..#....##....#.##....#......##..
...#....##....#.##....#......##..
...#....##.^..#.......#..........
...#....##....#.......#......####
...#....##....####'####......#...


You could see a boulder beetle.

Vanquished Creatures
  A two-headed ogre (D:11)
  A cyclops (D:10)
  Maurice (D:9)
  Joseph (D:11)
  A komodo dragon (D:8)
  An unseen horror (D:11)
  A troll (D:11)
  2 shadows (D:10)
  2 vampires (D:11)
  4 yaks (D:11)
  A wraith (D:11)
  A wyvern (D:9)
  3 vampire mosquitoes (D:10)
  A water moccasin (D:6)
  Edmund (D:5)
  Duvessa (D:6)
  11 orc warriors
  2 ice beasts
  A necrophage (D:5)
  A black bear (D:5)
  6 centaurs
  2 phantoms
  2 kobold brigands
  3 bullfrogs
  2 scorpions
  Dowan (D:6)
  A water moccasin skeleton (D:4)
  11 killer bees
  4 wights (D:8)
  A bullfrog zombie (D:6)
  A crimson imp (D:5)
  3 hounds
  A jelly (D:4)
  2 centaur skeletons
  2 centaur zombies
  4 orc priests
  Jessica (D:2)
  3 iguanas
  Terence (D:2)
  9 orc wizards
  Natasha (thrice) (D:3)
  A killer bee zombie (D:6)
  3 gnolls (D:8)
  6 adders
  A shadow imp (D:5)
  A white imp (D:6)
  An ufetubus (D:4)
  An adder skeleton (D:5)
  A worm (D:2)
  5 dart slugs
  34 orcs
  3 endoplasms
  3 hobgoblins
  2 quokkas
  5 ball pythons
  4 bats
  5 frilled lizards
  5 goblins
  17 kobolds
  6 rats
205 creatures vanquished.

Vanquished Creatures (others)
  4 plants (D:8)
4 creatures vanquished.

Grand Total: 209 creatures vanquished

Notes
Turn   | Place    | Note
-------+----------+-------------------------------------------
     0 | D:1      | Lanoc the Spriggan Warper began the quest for the Orb.
     0 | D:1      | Reached XP level 1. HP: 10/10 MP: 5/5
   596 | D:1      | Reached XP level 2. HP: 11/15 MP: 6/6
   705 | D:1      | Found Tyuczyhe's Book Shoppe.
   709 | D:1      | Learned a level 2 spell: Blink
   835 | D:1      | Reached skill level 5 in Translocations
   905 | D:2      | Noticed Sigmund
   943 | D:2      | Noticed Terence
  1027 | D:2      | Noticed Jessica
  1048 | D:2      | Killed Jessica
  1049 | D:2      | Reached XP level 3. HP: 16/18 MP: 8/8
  1290 | D:2      | Found a faded altar of an unknown god.
  1298 | D:2      | Became a worshipper of Makhleb the Destroyer
  1298 | D:2      | Reached * piety under Makhleb
  1319 | D:2      | Reached skill level 6 in Translocations
  1319 | D:2      | Reached XP level 4. HP: 23/23 MP: 9/9
  1479 | D:2      | Killed Terence
  1547 | D:3      | Noticed Natasha
  1558 | D:3      | Killed Natasha
  1583 | D:3      | Noticed Natasha
  1612 | D:3      | Killed Natasha
  1613 | D:3      | Reached XP level 5. HP: 22/27 MP: 10/10
  1631 | D:3      | Found a white marble altar of Elyvilon.
  1721 | D:3      | Found Sowott's Assorted Antiques.
  1730 | D:3      | Bought an inky potion for 23 gold pieces
  1730 | D:3      | Bought a green potion for 23 gold pieces
  1730 | D:3      | Bought 2 scrolls labelled UHEOST ZUMYRU for 52 gold pieces
  1739 | D:3      | Found Hithah's Book Shop.
  1771 | D:3      | Noticed Natasha
  1869 | D:3      | Killed Natasha
  1870 | D:3      | Reached skill level 7 in Translocations
  1899 | D:3      | Found a glowing golden altar of the Shining One.
  2051 | D:3      | Reached skill level 5 in Dodging
  2125 | D:3      | Found an ornate altar of the Wu Jian Council.
  2447 | D:4      | Learned a level 1 spell: Apportation
  2453 | D:4      | Learned a level 5 spell: Manifold Assault
  2453 | D:4      | Noticed an ogre
  2514 | D:4      | Found a shimmering blue altar of Sif Muna.
  2763 | D:5      | Entered Level 5 of the Dungeon
  2846 | D:6      | Found a radiant altar of Vehumet.
  2901 | D:5      | Reached XP level 6. HP: 32/32 MP: 11/11
  2970 | D:5      | Reached skill level 8 in Translocations
  3146 | D:4      | Reached ** piety under Makhleb
  3741 | D:5      | Found a burning altar of Makhleb.
  3741 | D:5      | Found a shimmering altar of Xom.
  3753 | D:5      | Reached XP level 7. HP: 20/36 MP: 12/12
  3916 | D:5      | Reached skill level 9 in Translocations
  4098 | D:5      | Found a hide-covered altar of Uskayaw.
  4231 | D:5      | Noticed Edmund
  4241 | D:5      | Killed Edmund
  4242 | D:5      | Reached skill level 10 in Translocations
  4486 | D:6      | Reached XP level 8. HP: 42/42 MP: 13/13
  4552 | D:6      | Noticed Duvessa
  4553 | D:6      | Noticed Dowan
  4583 | D:6      | Killed Duvessa
  4586 | D:6      | Reached skill level 11 in Translocations
  4594 | D:6      | Killed Dowan
  5253 | D:7      | Reached skill level 12 in Translocations
  5283 | D:7      | Reached skill level 5 in Fighting
  5283 | D:7      | Reached *** piety under Makhleb
  5288 | D:7      | Reached XP level 9. HP: 40/47 MP: 14/14
  5355 | D:7      | Found a staircase to the Ecumenical Temple.
  5392 | Temple   | Entered the Ecumenical Temple
  6106 | D:8      | Reached skill level 13 in Translocations
  6257 | D:8      | Found a staircase to the Lair.
  6258 | D:8      | Noticed a komodo dragon
  6319 | D:8      | Killed a komodo dragon
  6901 | D:9      | Noticed Maurice
  6982 | D:9      | Found a flagged portal.
  6993 | Bailey   | Entered a bailey
  7153 | Bailey   | Reached skill level 14 in Translocations
  7168 | Bailey   | Reached **** piety under Makhleb
  8066 | Bailey   | Reached XP level 10. HP: 53/53 MP: 15/15
  8078 | Bailey   | Noticed an orc knight
  8369 | Bailey   | Reached skill level 10 in Dodging
  9186 | D:9      | Found a hazy altar of Hepliaklqana.
  9455 | D:9      | Paralysed by Maurice for 6 turns
  9471 | D:9      | Killed Maurice
  9989 | D:10     | Entered Level 10 of the Dungeon
  9989 | D:10     | Noticed a cyclops
  9997 | D:10     | Killed a cyclops
  9998 | D:10     | Reached skill level 15 in Translocations
 10024 | D:10     | Found an iron altar of Okawaru.
 10148 | D:10     | Found a sparkling altar of Nemelex Xobeh.
 10278 | D:10     | Found a stormy altar of Qazlal.
 10284 | D:10     | Identified the +11 scale mail "Ajoq" {+Blink Will- rCorr
                  | MP+9}
 11150 | D:11     | Noticed Joseph
 11184 | D:11     | Killed Joseph
 11185 | D:11     | Reached skill level 16 in Translocations
 11322 | D:11     | Noticed a boulder beetle
 11344 | D:11     | Identified the +8 quarterstaff "Eviscerator" {distort,
                  | +Rage rPois Int+3}
 11678 | D:11     | Reached XP level 11. HP: 58/58 MP: 16/16
 11726 | D:11     | Noticed a two-headed ogre
 11739 | D:11     | Killed a two-headed ogre
 12136 | D:11     | Demolished by a boulder beetle

Illustrated notes

Levels and vault maps discovered:
D:1:      ebering_hopf_link, layout_loops_cross, serial_shops,
          nicolae_shop_waterfront
D:2:      minmay_general_purpose_star, layout_basic, basic_ecumenical_altar,
          minivault_23, uniq_jessica, uniq_terence, uniq_sigmund, uniq_robin
D:3:      layout_loops_ring, nicolae_tso_swordbearing_angel, marbit_many_paths,
          elyvilon_altar_1, serial_shops, shop, shop, minivault_24,
          item_on_display_a, uniq_natasha
D:4:      layout_gridville, general_overflow_altar
D:5:      layout_loops_ring, grunt_temple_overflow_champion_of_chaos,
          nicolae_uskayaw_suspiria, roderic_serpentine_path, uniq_edmund
D:6:      layout_cave_pools, fiery_altar_vehumet, grunt_ministairs_15,
          minmay_misc_feat_ornament, uniq_duvessa
D:7:      layout_basic, minmay_temple_entry_glass, kennysheep_small_spiral,
          hangedman_decor_riveting
D:8:      layout_basic, david_lair_shrubbed
D:9:      layout_basic, kennysheep_mini_moat, enter_bailey_3, moated_statue,
          amethyst_killhole, uniq_maurice
D:10:     layout_basic, okawaru_ov_weapons_minmay, lemuel_crystal_altar,
          nicolae_overflow_crystal_walls
D:11:     layout_stronghold, minmay_sticks_and_stones
Temple:   compressed_dpeg_circular_temple

Skill      XL: |  1  2  3  4  5  6  7  8  9 10 |
---------------+-------------------------------+-----
Translocations | 5 6 7 8 10 12 14 16 | 16.8
Fighting       | 2 3 4 5 6 7 |  7.5
Dodging        | 4 5 6 8 9 11 | 11.7
Short Blades   | |  2.1
Throwing       | |  1.0
Spellcasting   | |  2.6

Action                   |  1- 3 |  4- 6 |  7- 9 | 10-12 || total
-------------------------+-------+-------+-------+-------++-------
Melee: Short sword       |    87 |   274 |       |       ||   361
       Dagger            |       |       |    89 |       ||    89
       Rapier            |       |       |   289 |   215 ||   504
       Quarterstaff      |       |       |       |    53 ||    53
Throw: Boomerang         |     1 |     4 |       |       ||     5
       Dart              |       |       |     5 |     4 ||     9
 Cast: Manifold Assault  |       |     1 |    36 |    53 ||    90
Evoke: Wand              |    10 |     9 |       |       ||    19
  Use: Scroll            |       |     5 |    13 |       ||    18
 Stab: Sleeping          |     1 |     4 |     4 |     1 ||    10
       Distracted        |     1 |       |       |       ||     1
       Paralysed         |       |       |     3 |       ||     3
       Confused          |       |       |     1 |       ||     1
Armor: Robe              |     7 |    17 |    30 |    21 ||    75
Dodge: Dodged            |    54 |   251 |   400 |   242 ||   947

Table legend: (Time is in decaauts)
 A = Elapsed time spent in this place.
 B = Non-inter-level travel time spent in this place.
 C = Inter-level travel time spent in this place.
 D = Time resting spent in this place.
 E = Time spent auto-exploring this place.
 F = Levels seen in this place.
 G = Mean time per level.
                   A        B        C        D        E       F      G
               +--------+--------+--------+--------+--------+-----+--------+
         Total |   8921 |   8654 |    267 |    998 |   5218 |  13 |  686.2 |
       Dungeon |   7187 |   6920 |    267 |     22 |   4886 |  11 |  653.4 |
        Temple |      1 |      1 |      0 |      0 |      0 |   1 |    1.0 |
        Bailey |   1731 |   1731 |      0 |    976 |    332 |   1 | 1731.0 |
               +--------+--------+--------+--------+--------+-----+--------+

Top non-repeatable levels by time:
  Bailey: 1731 daAuts
    D:11: 1017 daAuts
     D:9: 884 daAuts
     D:8: 771 daAuts
     D:1: 748 daAuts
     D:5: 683 daAuts
    D:10: 637 daAuts
     D:3: 586 daAuts
     D:4: 577 daAuts
     D:7: 461 daAuts
     D:6: 420 daAuts
     D:2: 398 daAuts
  Temple: 1 daAuts
